 Dungeon Crawl Stone Soup version 0.13-a0-3076-g221303f (webtiles) character file.

666 Malachi the Magician (level 6, -4/39 HPs)
             Began as a Mummy Wizard on Sept 17, 2013.
             Killed by divine providence
             ... invoked by an orc priest
              (15 damage)
             ... on Level 4 of the Dungeon.
             The game lasted 00:17:52 (8496 turns).

Malachi the Magician (Mummy Wizard)                 Turns: 8496, Time: 00:17:53

HP  -4/39        AC  4     Str 10      XL: 6   Next: 94%
MP  11/18        EV 12     Int 19      God:
Gold 167         SH  0     Dex 10      Spells:  5 memorised,  6 levels left

Res.Fire  : x . .   See Invis. : .   l - +4,+0 elf spear
Res.Cold  : + . .   Warding    : .   a - +0 robe
Life Prot.: + + +   Conserve   : .   (no shield)
Res.Poison: +       Res.Corr.  : .   b - +0 wizard hat
Res.Elec. : .       Clarity    : .   t - +0 cloak
Sust.Abil.: . .     Spirit.Shd : .   o - +0 pair of gloves
Res.Mut.  : .       Stasis     : .   (no boots)
Res.Rott. : +       Flight     : .   (no amulet)
Saprovore : . . .                    (no ring)
                                     (no ring)

@: somewhat resistant to hostile enchantments, fairly stealthy
A: no food or potions, fire vulnerability, restore body, cold resistance 1, life
protection 3, poison resistance, torment resistance, unbreathing
a: no special abilities


You were on level 4 of the Dungeon.
You were not hungry.

You visited 1 branch of the dungeon, and saw 4 of its levels.

You collected 147 gold pieces.

Inventory:

Hand weapons
 f - a +2,+0 elven short sword
 l - a +4,+0 elven spear (weapon)
 u - a +2,+3 quarterstaff of chaos
Missiles
 g - 25 poisoned needles
 i - 3 darts of flame (quivered)
Armour
 a - a +0 robe (worn)
 b - a +0 wizard hat (worn)
 o - a +0 pair of gloves (worn)
 t - a +0 cloak (worn)
Scrolls
 d - a scroll of recharging {unknown}
 e - 2 scrolls of identify {unknown}
 h - a scroll of magic mapping {unknown}
 j - 2 scrolls of teleportation {unknown}
 k - a scroll of fog {unknown}
 n - a scroll of curse armour {unknown}
 p - a scroll of remove curse {unknown}
 r - a scroll of curse weapon {unknown}
 s - a scroll of fear {unknown}
Books
 c - a book of Minor Magic

   Spells                             Type                      Level
   *Magic Dart                        Conjuration                  1
   *Blink                             Translocation                2
   *Call Imp                          Summoning                    2
   *Repel Missiles                    Charms/Air                   2
   Slow                               Hexes                        2
   Conjure Flame                      Conjuration/Fire             3
   Mephitic Cloud                     Conjuration/Poison/Air       3
 m - a book of Debilitation

   Spells                             Type                      Level
   Corona                             Hexes                        1
   Slow                               Hexes                        2
   Inner Flame                        Hexes/Fire                   3
   Enslavement                        Hexes                        4
   Cause Fear                         Hexes                        4
   Leda's Liquefaction                Hexes/Earth                  4
 q - a book of War Chants

   Spells                             Type                      Level
   Fire Brand                         Charms/Fire                  2
   Freezing Aura                      Charms/Ice                   2
   *Shroud of Golubria                Charms/Translocation         2
   *Repel Missiles                    Charms/Air                   2
   Poison Weapon                      Charms/Poison                3
   Regeneration                       Charms/Necromancy            3


   Skills:
 + Level 1.0 Fighting
 + Level 0.4 Short Blades
 + Level 0.2 Polearms
 + Level 2.3 Dodging
 + Level 2.2 Stealth
 + Level 5.3 Spellcasting
 + Level 2.2 Conjurations
 + Level 2.5 Summonings
 + Level 0.7 Translocations


You had 6 spell levels left.
You knew the following spells:

 Your Spells              Type           Power        Failure   Level  Hunger
a - Magic Dart            Conj           ##..         6%          1    N/A
b - Blink                 Tloc           N/A          14%         2    N/A
c - Call Imp              Summ           ##........   10%         2    N/A
d - Shroud of Golubria    Chrm/Tloc      #.........   17%         2    N/A
e - Repel Missiles        Chrm/Air       #.........   21%         2    N/A

Dungeon Overview and Level Annotations

Branches:
Dungeon (4/27)
 Temple: D:4-7

Altars:
Cheibriados
Makhleb


Innate Abilities, Weirdness & Mutations

You do not eat or drink.
Your flesh is vulnerable to fire.
Your flesh is cold resistant.
You are immune to negative energy.
Your system is resistant to poisons.
You are immune to unholy pain and torment.
You can survive without breathing.


Message History

Your crimson imp barely misses the orc priest.
The orc priest closely misses your shadow imp.
It closely misses your crimson imp.
Your shadow imp barely misses the orc priest.
Your crimson imp barely misses the orc priest.
Casting: Call Imp
Confirm with . or Enter, or press ? or * to list all spells.
A beastly little devil appears in a puff of flame.
You swap places.
The orc priest completely misses your shadow imp.
Something hits your shadow imp.
Your crimson imp blinks!
Your shadow imp hits the orc priest but does no damage.
Casting: Call Imp
Confirm with . or Enter, or press ? or * to list all spells.
A beastly little devil appears in a puff of flame.
Your crimson imp says, "I'm here!"
The orc priest calls down the wrath of Beogh upon you.
Something smites you!
You die...

#.#.....#...##....######.######
#o##.####.....................)
#.##.# #...##...........######
#.##.# #...############## #
###.##.# #...# ######## #
.{.o...# #...# #...?..######
.{{....# ###### #......#.....
..{....###o5.########......#.....
........>#.#..5.@.5..............
.!._...###.##########.[....#.....
.......# #.# #......#.....
...>...# #5# #......#.)...
####.#####o#### ########.....
#.##{..55..# #..... #.###.###.##
###### #ยง# #o# ..# #.# #.# ##


You could see an orc priest, 2 friendly crimson imps and a friendly shadow imp.

Vanquished Creatures
  A scorpion (D:4)
  A worker ant (D:4)
  A hound skeleton (D:4)
  4 adders
  A gnoll (D:1)
  A worm (D:3)
  An adder skeleton (D:4)
  3 giant geckos
  2 oozes
  2 orcs (D:4)
  A bat skeleton (D:4)
  5 giant cockroaches
  12 goblins
  9 hobgoblins
  3 jackals (D:1)
  9 kobolds
  3 quokkas
  3 ball pythons
  10 bats
  3 giant newts
  A hobgoblin skeleton (D:4)
  A quokka skeleton (D:4)
  6 rats
83 creatures vanquished.

Vanquished Creatures (collateral kills)
  2 ogres (D:4)
  A phantom (D:4)
  Crazy Yiuf (D:4)
  A hound (D:4)
  2 worker ants (D:4)
  An orc wizard (D:4)
  2 scorpions
  2 adders
  4 gnolls (D:3)
  5 orcs (D:4)
  A bat (D:4)
  A rat (D:4)
23 creatures vanquished.

Vanquished Creatures (others)
  12 crimson imps
  15 white imps
  3 shadow imps
30 creatures vanquished.

Grand Total: 136 creatures vanquished

Notes
Turn   | Place    | Note
--------------------------------------------------------------
     0 | D:1      | Malachi, the Mummy Wizard, began the quest for the Orb.
     0 | D:1      | Reached XP level 1. HP: 11/11 MP: 5/5
   437 | D:1      | Reached XP level 2. HP: 17/17 MP: 1/7
  1118 | D:1      | Reached XP level 3. HP: 12/22 MP: 1/9
  2234 | D:2      | Found a snail-covered altar of Cheibriados.
  2470 | D:2      | Learned a level 2 spell: Call Imp
  2473 | D:2      | Learned a level 2 spell: Blink
  2486 | D:2      | Reached skill level 1 in Conjurations
  2735 | D:2      | Reached skill level 4 in Spellcasting
  3149 | D:2      | Reached XP level 4. HP: 22/28 MP: 2/12
  5506 | D:3      | Reached skill level 1 in Summonings
  5506 | D:3      | Reached XP level 5. HP: 18/33 MP: 8/14
  5676 | D:4      | Noticed an ogre
  6534 | D:4      | Killed an ogre
  6534 | D:4      | Reached XP level 6. HP: 31/39 MP: 5/17
  6690 | D:4      | Reached skill level 5 in Spellcasting
  6900 | D:4      | Learned a level 2 spell: Shroud of Golubria
  6903 | D:4      | Learned a level 2 spell: Repel Missiles
  6904 | D:4      | Found a burning altar of Makhleb.
  6906 | D:4      | Noticed a phantom
  7014 | D:4      | Killed a phantom
  7100 | D:4      | Noticed an ogre
  7108 | D:4      | Killed an ogre
  7108 | D:4      | Reached skill level 1 in Fighting
  7349 | D:4      | Noticed Crazy Yiuf
  7562 | D:4      | Killed Crazy Yiuf
  8496 | D:4      | Killed from afar by an orc priest

Action                   |  1- 3 |  4- 6 || total
-------------------------+-------+-------++-------
Melee: Short sword       |    39 |     2 ||    41
       Spear             |       |   118 ||   118
 Cast: Magic Dart        |   122 |    98 ||   220
       Call Imp          |       |    99 ||    99
  Use: Scroll            |       |     1 ||     1
 Stab: Sleeping          |       |     2 ||     2
       Distracted        |       |     1 ||     1
